 Dungeon Crawl Stone Soup version 0.29-a0-323-g050149af67 (webtiles) character file.

Game seed: 846207347675117142

2125 spaghetti the Covert (level 9, -5/73 HPs)
             Began as a Deep Dwarf Brigand on Apr 10, 2022.
             Was a Priest of Makhleb.
             Killed from afar by a steam dragon (12 damage)
             ... with a ball of steam
             ... on level 8 of the Dungeon.
             The game lasted 00:12:28 (5271 turns).

spaghetti the Covert (Deep Dwarf Brigand)           Turns: 5271, Time: 00:12:29

Health: -5/73      AC:  4    Str: 15    XL:     9   Next: 8%
Magic:  12/12      EV: 16    Int: 12    God:    Makhleb [***...]
Gold:   342        SH:  5    Dex: 18    Spells: 8/8 levels left

rFire   . . .      SeeInvis .   k - +1 short sword (elec) {short}
rCold   . . .      Faith    .   (no shield)
rNeg    . . .      Spirit   .   b - +0 robe
rPois   .          Reflect  +   H - +0 helmet
rElec   .          Harm     .   c - +0 cloak
rCorr   .          Rampage  .   (no gloves)
Will    +++..                   (no boots)
Stlth   +++++.....              q - amulet of reflection
HPRegen 0.00/turn               l - ring of willpower
MPRegen 0.13/turn               E - ring of willpower

@: no status effects
A: damage resistance, heal wounds, sense surroundings 2, no regeneration
a: Heal Wounds, Renounce Religion, Minor Destruction, Lesser Servant of Makhleb


You were on level 8 of the Dungeon.
You worshipped Makhleb.
Makhleb was most pleased with you.
You visited 1 branch of the dungeon, and saw 8 of its levels.

You collected 432 gold pieces.
You spent 90 gold pieces at shops.


Innate Abilities, Weirdness & Mutations

You are resistant to damage.
You can heal yourself by infusing magical energy.
You passively map the area around you.
You do not regenerate.


   Skills:
 - Level 1.7 Fighting
 - Level 1.7 Short Blades
 - Level 1.7 Throwing
 + Level 7.4 Dodging
 + Level 11.2 Stealth
 + Level 7.8 Invocations


You had 8 spell levels left.
You didn't know any spells.
Your spell library contained the following spells:

 Spells                   Type           Power      Damage    Failure   Level
 Blink                    Tloc           0%         N/A       45%         2
 Scorch                   Fire           0%         2d5       45%         2
 Ignite Poison            Fire/Tmut/Pois 0%         N/A       69%         3
 Mephitic Cloud           Conj/Pois/Air  0%         N/A       69%         3
 Flame Wave               Conj/Fire      0%         2d4       97%         4
 Freezing Cloud           Conj/Ice/Air   0%         6-21      100%        5
 Manifold Assault         Tloc           0%         N/A       100%        5
 Summon Cactus Giant      Summ           0%         N/A       100%        6
 Storm Form               Tmut/Air       0%         N/A       100%        7

Inventory:

Hand Weapons
 a - a +2 dagger {short}
 h - a +1 short sword of venom {short}
   (You took it off an orc on level 2 of the Dungeon)
 k - a +1 short sword of electrocution (weapon) {short}
   (You took it off an orc on level 4 of the Dungeon)
 o - a +3 short sword of protection {short}
   (You took it off a kobold on level 1 of the Dungeon)
 t - a +0 great sword {long}
   (You took it off a wight on level 7 of the Dungeon)
 D - a +0 rapier {short}
   (You took it off a hobgoblin on level 4 of the Dungeon)
Missiles
 d - 12 poisoned darts {throwing}
 e - 6 curare-tipped darts {=fthrowing}
 p - 174 stones (quivered) {throwing}
 s - 5 javelins {throwing}
 G - 3 boomerangs {throwing}
 M - a throwing net {=f!fthrowing}
Armour
 b - a +0 robe (worn)
 c - a +0 cloak (worn)
 A - an orb of wrath
   (You found it on level 3 of the Dungeon)
 H - a +0 helmet (worn)
   (You found it on level 7 of the Dungeon)
Magical Staves
 n - a staff of fire {!astaff}
   (You found it on level 1 of the Dungeon)
Jewellery
 f - an amulet of regeneration {@e2}
   (You found it on level 2 of the Dungeon)
 l - a ring of willpower (left hand)
   (You found it on level 1 of the Dungeon)
 q - an amulet of reflection (around neck)
   (You found it on level 2 of the Dungeon)
 r - a ring of magical power
   (You took it off a hobgoblin on level 4 of the Dungeon)
 E - a ring of willpower (right hand)
   (You found it on level 4 of the Dungeon)
 L - a ring of willpower
   (You found it on level 7 of the Dungeon)
Wands
 u - a wand of iceblast (3)
   (You took it off Ijyb on level 3 of the Dungeon)
 I - a wand of paralysis (13)
   (You found it on level 7 of the Dungeon)
 J - a wand of digging (4)
   (You found it on level 7 of the Dungeon)
Scrolls
 g - 2 scrolls of fog
 j - 3 scrolls of identify {@r1}
 v - a scroll of silence {!r}
 y - a scroll of torment {!r}
 B - a scroll of vulnerability {!r!r}
 F - 2 scrolls of teleportation {@r4}
 K - a scroll of amnesia
 N - a scroll of enchant weapon {unknown}
Potions
 i - 3 potions of curing {@q1}
 m - 2 potions of degeneration {!q@e2}
 w - 2 potions of attraction {!q}
 x - a potion of flight
 z - 2 potions of resistance
 C - a potion of cancellation

Dungeon Overview and Level Annotations

Branches:
Dungeon (8/15)             Temple (0/1) D:7
   Lair: D:8-11

Altars:
Dithmenos
Hepliaklqana
Kikubaaqudgha
Makhleb
Ru
Yredelemnul
Zin
The Shining One

Shops:
D:4 (

Portals:
Abyss: D:8

Annotations:
D:4 3 runed translucent doors, greenreed's ghost, amateur GnEn
D:5 Edmund; Grinder
D:7 2 runed translucent doors, greenreed's ghost, novice GnFE
D:8 2 transporters, Cecur's ghost, novice DsGl

,, , ** * ............... ,, , ,,
..####......... , , ,# ,,
,#..'......... , , #.
#..#......... ....,* ,##+#. ,
#..#.........
...###..#.....#######..#...).....
...#....#.....#........#####.....
...#....+.....'ยง.4.........#.....
...#....#.....#D@##........#.....
...#....#.... ###########..#.....
...#....#>.. #..##....##..+.....
...#....#.. ,,#..'.........#.....
........#. #..#.........#...##
........#, ######...##.'#####.
..###...## ,...#.########.#.....#
###[##...+.<...#..........#.###.#
# .#.#...#.....#..........#...#.#


You could see a steam dragon (catching breath, ally target) and a friendly
orange demon (summoned).


Message History

The gnoll completely misses you. The gnoll misses you.
Your neqoxec hits the gnoll!
The gnoll dies!
Makhleb accepts your kill.
You closely miss the gnoll. The orc misses you. The gnoll misses you.
The gnoll barely misses you.
You closely miss the gnoll. The orc hits you but does no damage.
You block the gnoll's attack.
Your neqoxec hits the gnoll! The gnoll closely misses your neqoxec.
You strike the helpless gnoll from behind!
You puncture the gnoll!
You kill the gnoll!
Makhleb accepts your kill.
You feel better. You block the gnoll's attack.
The orc hits you but does no damage. ๐Ÿ˜จ HP[+1]
You closely miss the gnoll. The orc hits you but does no damage.
Your neqoxec hits the orc!
The orc dies!
Makhleb accepts your kill. The gnoll hits you with a +0 flail.
You completely miss the gnoll. The gnoll completely misses you.
Your neqoxec hits the gnoll! You hit the gnoll.
You kill the gnoll!
Makhleb accepts your kill.
You feel better. ๐Ÿ˜จ HP[+1]
Things that are here:
a +0 flail {mace}; a +0 club {mace}; a +0 robe You swap places.
Items here: )) [ โ€ .
M - a throwing net {=f!fthrowing} You now have 317 gold pieces (gained 9).
Key pressed, stopping explore.
You open the door.
Found an embroidered scarf.
There is an open door here.
You swap places.
You swap places.
Key pressed, stopping explore.
You see here a scarf of shadows.
You open the door.
There is an open door here.
You open the door.
There is an open door here.
You open the door.
There is an open door here.
You now have 337 gold pieces (gained 20).
You open the door.
There is an open door here.
You swap places.
There is an open door here.
You open the door.
There is an open door here.
F - 2 scrolls of teleportation {@r4} (gained 1)
Found a glowing golden altar of the Shining One.
You swap places.
You open the door.
There is an open door here.
Found a stone staircase leading up.
Key pressed, stopping explore.
You now have 342 gold pieces (gained 5).
You see here a +0 dagger {short}.
You open the door.
There is an open door here.
Your neqoxec disappears in a puff of smoke!
e - 6 curare-tipped darts {=fthrowing} (gained 3)
N - a scroll labelled FIMANN WOFOITU
Found a stone staircase leading down.
You open the door.
There is an open door here.
As you open the door, it creaks loudly!
A steam dragon comes into view.
The steam dragon breathes steam at you. The ball of steam hits you!
* * * LOW HITPOINT WARNING * * *
Found a stone staircase leading down. ๐Ÿ˜จ HP[-12]
You take 12 damage, and now have 24/73 hp.
Unknown command.
You barely miss the steam dragon. The steam dragon breathes steam at you.
The ball of steam misses you.
A demon appears!
The steam dragon bites you.
* * * LOW HITPOINT WARNING * * *
The steam dragon misses you. ๐Ÿ˜ฑ HP[-7]
You take 7 damage, and now have 17/73 hp.
Unknown command.
Unknown command.
You hit the steam dragon.
You punch the steam dragon, but do no damage.
The steam dragon misses you. You block the steam dragon's attack.
You hit the steam dragon but do no damage.
You are engulfed in a cloud of scalding steam.
* * * LOW HITPOINT WARNING * * *
The steam dragon breathes steam at you. The ball of steam hits you!
You die...

Skill      XL: |  1  2  3  4  5  6  7  8 |
---------------+-------------------------+-----
Stealth        | 6 7 8 9 11 | 11.2
Dodging        | 3 4 5 7 |  7.4
Invocations    | 1 3 5 7 |  7.8
Fighting       | |  1.7
Short Blades   | |  1.7
Throwing       | |  1.7

Action                   |  1- 3 |  4- 6 |  7- 9 || total
-------------------------+-------+-------+-------++-------
Melee: Dagger            |    24 |       |       ||    24
       Short sword       |    41 |   195 |    99 ||   335
       Punch             |     1 |     2 |     1 ||     4
Throw: Dart              |     4 |     1 |       ||     5
       Stone             |       |    75 |       ||    75
Invok: Lesser Servant of |       |       |     5 ||     5
 Abil: Heal Wounds       |       |     2 |     3 ||     5
Evoke: Wand              |       |       |     3 ||     3
  Use: Potion            |     3 |     5 |     7 ||    15
       Scroll            |       |     4 |     6 ||    10
 Stab: Sleeping          |     6 |     9 |     9 ||    24
       Distracted        |       |     3 |     1 ||     4
Armor: Robe              |     9 |    23 |    14 ||    46
Dodge: Dodged            |    58 |    62 |    78 ||   198
Block: Other             |       |    29 |    28 ||    57
       Reflection        |       |     2 |       ||     2

Levels and vault maps discovered:
D:1:      dpeg_arrival_arbitrary_a, layout_loops_ring,
          dreamdust_ecumenical_altar_hidden_monk_grotto,
          chequers_serial_rivers_small_a
D:2:      layout_loops_ring, serial_bayou_lagoon_b
D:3:      layout_basic, mainiacjoe_overflow_paths, amcnicky_altar_gilded,
          uniq_ijyb
D:4:      layout_basic, serial_shops, shop, gammafunk_ghost_split
D:5:      layout_basic, elyvilon_altar_1, uniq_edmund, uniq_grinder
D:6:      layout_loops_ring, nicolae_ru_the_path_less_chosen,
          mainiacjoe_overflow_six_doors_small, mainiacjoe_overflow_boulevard,
          kennysheep_generic_room_2
D:7:      cheibrodos_shockbox, layout_rooms, old_standard_altar, zin_purify,
          minmay_temple_entry_hall, ebering_ghost_reflecting_pool,
          ebering_dispersal_statue_hall, minivault_19
D:8:      layout_gridville, mainiacjoe_overflow_swirl, erik_lair_dragon,
          gammafunk_ghost_abyssal_escape

Notes
Turn   | Place    | Note
-------+----------+-------------------------------------------
     0 | D:1      | spaghetti the Deep Dwarf Brigand began the quest for the
                  | Orb.
     0 | D:1      | Reached XP level 1. HP: 19/19 MP: 1/1
     0 | D:1      | magus.rc [v1.9.6]
     8 | D:1      | You fall into a shaft and drop 1 floor!
    41 | D:3      | Noticed Ijyb
    49 | D:3      | Killed Ijyb
    50 | D:3      | Reached skill level 6 in Stealth
    50 | D:3      | Reached XP level 2. HP: 21/26 MP: 2/2
    59 | D:3      | Reached XP level 3. HP: 26/32 MP: 3/3
    62 | D:3      | Found a burning altar of Makhleb.
    72 | D:3      | Became a worshipper of Makhleb the Destroyer
   264 | D:2      | You add the spells Ignite Poison, Mephitic Cloud and
                  | Freezing Cloud to your library.
   626 | D:1      | Reached skill level 7 in Stealth
   655 | D:1      | Reached * piety under Makhleb
   659 | D:1      | Reached XP level 4. HP: 39/39 MP: 4/4
   993 | D:1      | Found a faded altar of an unknown god.
  1792 | D:3      | Found an ancient bone altar of Kikubaaqudgha.
  1820 | D:3      | Reached skill level 2 in Dodging
  2115 | D:4      | Noticed an ogre
  2126 | D:4      | Killed an ogre
  2127 | D:4      | Reached skill level 3 in Dodging
  2127 | D:4      | Reached skill level 8 in Stealth
  2127 | D:4      | Reached XP level 5. HP: 34/45 MP: 5/5
  2169 | D:4      | Reached ** piety under Makhleb
  2185 | D:4      | Reached skill level 1 in Invocations
  2206 | D:4      | Reached XP level 6. HP: 35/51 MP: 5/7
  2388 | D:4      | Noticed greenreed's ghost (amateur GnEn)
  2395 | D:4      | Found a runed translucent gate.
  2411 | D:4      | Found a runed translucent gate.
  2411 | D:4      | Found a runed translucent gate.
  2426 | D:4      | You pick up a book of Scorching and begin reading...
  2426 | D:4      | You add the spells Scorch, Flame Wave and Summon Cactus
                  | Giant to your library.
  2813 | D:4      | Reached skill level 2 in Invocations
  2970 | D:5      | Entered Level 5 of the Dungeon
  3018 | D:5      | Noticed Grinder
  3100 | D:4      | Reached skill level 4 in Dodging
  3101 | D:4      | Found Orist's Weapon Shop.
  3304 | D:4      | HP: 11/52 [ogre/+0 giant spiked club (17)]
  3309 | D:4      | Reached skill level 3 in Invocations
  3309 | D:4      | Reached XP level 7. HP: 19/58 MP: 8/8
  3638 | D:5      | Noticed Edmund
  3900 | D:6      | Found a shadowy altar of Dithmenos.
  3913 | D:6      | Reached skill level 9 in Stealth
  3935 | D:6      | Reached skill level 4 in Invocations
  3941 | D:6      | Reached *** piety under Makhleb
  3942 | D:6      | Reached skill level 5 in Dodging
  3950 | D:6      | HP: 8/58 [orc warrior/+0 trident (14)]
  3954 | D:6      | Reached skill level 5 in Invocations
  3962 | D:6      | Reached XP level 8. HP: 25/66 MP: 10/10
  4095 | D:6      | You add the spells Blink, Manifold Assault and Storm Form
                  | to your library.
  4136 | D:6      | Reached skill level 10 in Stealth
  4170 | D:6      | HP: 9/66 [ogre/+0 giant club (11)]
  4178 | D:6      | Reached skill level 6 in Dodging
  4178 | D:6      | Reached skill level 6 in Invocations
  4230 | D:6      | Found a sacrificial altar of Ru.
  4412 | D:6      | Found a hazy altar of Hepliaklqana.
  4509 | D:7      | Found Zin's Purification Station.
  4512 | D:7      | Found a glowing silver altar of Zin.
  4515 | D:7      | Bought a potion of curing for 90 gold pieces
  4537 | D:7      | Noticed a sixfirhy
  4542 | D:7      | Found a runed translucent door.
  4559 | D:7      | Found a runed translucent door.
  4564 | D:7      | Noticed greenreed's ghost (novice GnFE)
  4608 | D:7      | Reached skill level 7 in Invocations
  4663 | D:7      | Reached skill level 7 in Dodging
  4781 | D:7      | Reached skill level 11 in Stealth
  4797 | D:7      | Gained mutation: You passively map the area around you.
                  | [Deep Dwarf growth]
  4797 | D:7      | Reached XP level 9. HP: 23/73 MP: 12/12
  4808 | D:7      | Found a staircase to the Ecumenical Temple.
  4856 | D:7      | Found a basalt altar of Yredelemnul.
  5016 | D:8      | Found a transporter.
  5020 | D:8      | Noticed a rakshasa
  5021 | D:8      | Found a one-way gate to the infinite horrors of the Abyss.
  5021 | D:8      | Found a transporter.
  5021 | D:8      | Noticed Cecur's ghost (novice DsGl)
  5039 | D:8      | HP: 17/73 [gnoll/+0 flail (3)]
  5183 | D:8      | Found a glowing golden altar of the Shining One.
  5269 | D:8      | HP: 17/73 [steam dragon (3)]
  5271 | D:8      | HP: 7/73 [steam dragon] (10)]
  5271 | D:8      | Killed from afar by a steam dragon

Vanquished Creatures
  A water moccasin (D:7)
  An ice beast (D:6)
  2 black bears (D:6)
  2 ogres (D:4)
  A centaur (D:7)
  2 bullfrogs (D:6)
  2 necrophages
  2 wights (D:7)
  An orc priest (D:4)
  2 jellies
  Ijyb (D:3)
  4 iguanas
  6 orc wizards
  2 gnolls (D:8)
  5 adders
  3 worms
  3 dart slugs
  22 orcs
  6 ball pythons
  6 endoplasms
  2 giant cockroaches (D:1)
  12 goblins
  11 hobgoblins
  6 jackals
  8 kobolds
  3 quokkas
  6 bats
  2 frilled lizards
  3 rats
127 creatures vanquished.

Vanquished Creatures (collateral kills)
  An orc warrior (D:6)
  An ogre (D:6)
  7 wights (D:7)
  A gnoll shaman (D:8)
  A gnoll (D:8)
  An orc (D:8)
12 creatures vanquished.

Vanquished Creatures (others)
  A plant (D:2)
1 creature vanquished.

Grand Total: 140 creatures vanquished

Table legend:
 A = Non-vault XP
 B = Vault XP
 C = Vault XP percentage of total XP
 D = Non-vault monster count
 E = Vault monster count
 F = Vault count percentage of total count
                 A         B        C        D         E       F
            +---------+---------+-------+---------+---------+-------
      Total |    2766 |     270 |   8.9 |     135 |       4 |   2.9
            +---------+---------+-------+---------+---------+-------
        D:1 |      52 |       0 |   0.0 |      30 |       0 |   0.0
        D:2 |      57 |       0 |   0.0 |      17 |       0 |   0.0
        D:3 |      39 |      35 |  47.3 |      16 |       1 |   5.9
        D:4 |     571 |       0 |   0.0 |      36 |       0 |   0.0
        D:5 |      53 |       0 |   0.0 |       2 |       0 |   0.0
        D:6 |     856 |     235 |  21.5 |      14 |       3 |  17.6
        D:7 |    1053 |       0 |   0.0 |      14 |       0 |   0.0
        D:8 |      85 |       0 |   0.0 |       6 |       0 |   0.0
            +---------+---------+-------+---------+---------+-------

Illustrated notes

Table legend:
 A = Kills in this place as a percentage of kills in entire the game.
 B = Kills by you in this place as a percentage of kills by you in the entire game.
 C = Kills by friends in this place as a percentage of kills by friends in the entire game.
 D = Other kills in this place as a percentage of other kills in the entire game.
 E = Experience gained in this place as a percentage of experience gained in the entire game.
 F = Experience gained in this place divided by the number of levels of this place that you have seen.
                   A       B       C       D       E      F
               +-------+-------+-------+-------+-------+----------------------
         Total | 100.0 | 100.0 | 100.0 |   N/A | 100.0 | 379.5
       Dungeon | 100.0 | 100.0 | 100.0 |   N/A | 100.0 | 379.5
               +-------+-------+-------+-------+-------+----------------------

Table legend: (Time is in decaauts)
 A = Elapsed time spent in this place.
 B = Non-inter-level travel time spent in this place.
 C = Inter-level travel time spent in this place.
 D = Time resting spent in this place.
 E = Time spent auto-exploring this place.
 F = Levels seen in this place.
 G = Mean time per level.
                   A        B        C        D        E       F      G
               +--------+--------+--------+--------+--------+-----+--------+
         Total |   5286 |   5062 |    224 |    454 |   3435 |   8 |  660.8 |
       Dungeon |   5286 |   5062 |    224 |    454 |   3435 |   8 |  660.8 |
               +--------+--------+--------+--------+--------+-----+--------+

Top non-repeatable levels by time:
     D:4: 1327 daAuts
     D:2: 929 daAuts
     D:6: 792 daAuts
     D:1: 763 daAuts
     D:7: 578 daAuts
     D:3: 427 daAuts
     D:8: 254 daAuts
     D:5: 213 daAuts
